 Dungeon Crawl Stone Soup version 0.27.1-33-g824d729ab1 (webtiles) character file.

Game seed: 12476725876950396199

33 Atelerd the Digger (level 3, 0/21 HPs)
             Began as an Octopode Earth Elementalist on Dec 21, 2021.
             Slain by Natasha (8 damage)
             ... on level 2 of the Dungeon.
             The game lasted 00:01:08 (1202 turns).

Atelerd the Digger (Octopode Earth Elementalist)    Turns: 1202, Time: 00:01:08

Health: 0/21       AC:  1    Str:  7    XL:     3   Next: 29%
Magic:  0/6        EV: 13    Int: 18    God:
Gold:   38         SH:  0    Dex: 12    Spells: 6/7 levels left

rFire    . . .     SeeInvis .   d - +0 dagger
rCold    . . .     Faith    .   (no shield)
rNeg     . . .     Spirit   .   (helmet restricted)
rPois    .         Reflect  .   (no amulet)
rElec    .         Harm     .   (no ring)
rCorr    .         Rampage  .   (no ring)
Will     .....                  (no ring)
Stlth    +++.......             (no ring)
HPRegen  0.07/turn              (no ring)
MPRegen  0.10/turn              (no ring)
                                (no ring)
                                (no ring)

@: no status effects
A: almost no armour, amphibious, 8 rings, camouflage 1, gelatinous body 1,
(nimble swimmer 1), tentacles
a: no special abilities


You were on level 2 of the Dungeon.
You visited 1 branch of the dungeon, and saw 2 of its levels.

You collected 38 gold pieces.

Inventory:

Hand Weapons
 d - a +0 dagger (weapon)
Missiles
 b - 25 stones
Scrolls
 e - a scroll of enchant armour {unknown}
Potions
 a - a potion of curing {unknown}
 c - 2 potions of invisibility {unknown}


   Skills:
 - Level 2.0 Dodging
 - Level 2.6 Stealth
 + Level 2.5 Spellcasting
 + Level 1.9 Transmutations
 + Level 3.5 Earth Magic


You had 6 spell levels left.
You knew the following spells:

 Your Spells              Type           Power      Damage    Failure   Level
a - Sandblast             Erth           28%        2d8       4%          1

Your spell library contained the following spells:

 Spells                   Type           Power      Damage    Failure   Level
 Passwall                 Tmut/Erth      10%        N/A       9%          2
 Stone Arrow              Conj/Erth      16%        3d8       26%         3
 Gell's Gravitas          Tloc           1%         N/A       45%         3
 Lesser Beckoning         Tloc           1%         N/A       45%         3
 Teleport Other           Tloc           2%         N/A       45%         3
 Petrify                  Tmut/Erth      12%        N/A       50%         4


Dungeon Overview and Level Annotations

Branches:
Dungeon (2/15)

Altars:

Shops:
D:2 (

Annotations:
D:2 Natasha


Innate Abilities, Weirdness & Mutations

You cannot wear most types of armour.
You are amphibious.
You can wear up to eight rings at the same time.
Your skin changes colour to match your surroundings (Stealth+).
Your rubbery body absorbs attacks. (AC +1, EV +1)
((You are camouflaged near water. (Stealth+)))
You have tentacles for arms and can constrict up to eight enemies at once.


Message History

Natasha hisses angrily.
The hobgoblin barely misses you.
The blast of sand hits the hobgoblin!
You kill the hobgoblin!
The blast of sand hits Natasha.
Natasha is moderately wounded.
Natasha claws you.
You barely miss Natasha. Your grab misses Natasha. Your squeeze misses Natasha.
Natasha is moderately wounded.
Natasha claws you.
You are too injured to fight recklessly!
Natasha is nearby!
You are too injured to fight recklessly!
You are too injured to fight recklessly!
Natasha is nearby!
You are too injured to fight recklessly!
You are too injured to fight recklessly!
Natasha is nearby!
You are too injured to fight recklessly!
You are too injured to fight recklessly!
You are too injured to fight recklessly!
Natasha is nearby!
You are too injured to fight recklessly!
You are too injured to fight recklessly!
Natasha is nearby!
You are too injured to fight recklessly!
Natasha is nearby!
Unknown command.
Casting: Sandblast (safe; 4% risk of failure)
Confirm with . or Enter, or press ? or * to list all spells.
You don't have enough magic to cast this spell.
Unknown command.
You hit Natasha but do no damage. Your grab misses Natasha.
Natasha is moderately wounded.
Natasha barely misses you.
Unknown command.
You barely miss Natasha. Your grab misses Natasha.
Natasha is moderately wounded.
Natasha claws you!
You die...

#.#....# # #...[# #.
#.#)#(...# #. #.#.#..>.#
.#.. #.#.#....# #
#...#######.#.###..# ..
..........#......#
#8###h.......#####.###
###....@................
.8<∩.8.........######.##
......#............# ..#
#..8..#............# #.#
#.... ########.....# .#
#.... #!....# .. ####
#.....# #. #.....#
#######


You could see Natasha.

Vanquished Creatures
  An adder skeleton (D:2)
  A dart slug (D:1)
  2 ball pythons
  3 bats
  5 endoplasms
  4 goblins (D:1)
  2 hobgoblins
  2 quokkas (D:1)
  A kobold (D:1)
  4 rats (D:1)
25 creatures vanquished.

Notes
Turn   | Place    | Note
-------+----------+-------------------------------------------
     0 | D:1      | Atelerd the Octopode Earth Elementalist began the quest for
                  | the Orb.
     0 | D:1      | Reached XP level 1. HP: 11/11 MP: 3/3
   245 | D:1      | Reached XP level 2. HP: 17/17 MP: 3/5
   778 | D:1      | Reached XP level 3. HP: 15/21 MP: 1/6
  1186 | D:2      | Found Nyask's Weapon Shoppe.
  1196 | D:2      | Noticed Natasha
  1202 | D:2      | Slain by Natasha

Illustrated notes

Levels and vault maps discovered:
D:1:      dpeg_arrival_subterranean_lakeside_camping, layout_loops_ring
D:2:      layout_basic, serial_shops, shop, nicolae_shop_statue_plus, shop,
          dk_noncrumbling_4, uniq_natasha

Action                   || total
-------------------------++-------
Melee: Unarmed           ||    17
       Constrict         ||     6
       Tentacles         ||     2
       Dagger            ||    11
 Cast: Sandblast         ||    28
 Stab: Sleeping          ||     4
Armor: Skin              ||     6
Dodge: Dodged            ||    20
